 Dungeon Crawl Stone Soup version 0.23-a0-269-g65e0026 (webtiles) character file.

4 Amnesiac the Digger (level 1, 0/13 (14) HPs)
             Began as a Ghoul Earth Elementalist on Sept 30, 2018.
             Slain by a kobold (1 damage)
             ... on level 1 of the Dungeon.
             The game lasted 00:00:40 (142 turns).

Amnesiac the Digger (Ghoul Earth Elementalist)       Turns: 142, Time: 00:00:41

HP:   0/13 (14)     AC:  2    Str: 11    XL:     1   Next: 60%
MP:   2/2           EV: 12    Int: 10    God:
Gold: 24            SH:  0    Dex:  9    Spells: 2/3 levels left

rFire    . . .     SeeInvis .   (no weapon)
rCold    + . .     Gourm    .   (no shield)
rNeg     + + +     Faith    .   c - +0 robe
rPois    ∞         Spirit   .   (no helmet)
rElec    .         Reflect  .   (no cloak)
rCorr    .         Harm     .   (no gloves)
MR       .....                  (no boots)
Stlth    ++........             (no amulet)
HPRegen  0.00/turn              (no ring)
MPRegen  0.08/turn              (no ring)

@: rotting
A: rotting body, claws 1, carnivore, cold resistance 1, negative energy
resistance 3, inhibited regeneration, torment resistance, unbreathing
a: no special abilities


You were on level 1 of the Dungeon.
You were not hungry.

You visited 1 branch of the dungeon, and saw 1 of its levels.

You collected 24 gold pieces.

Inventory:

Missiles
 b - 29 stones (quivered)
Armour
 c - a +0 robe (worn)
Scrolls
 a - a scroll of fear {!r, unknown}
Comestibles
 d - a ration


   Skills:
 - Level 1.7 Dodging
 - Level 2.1 Stealth
 + Level 1.8 Spellcasting
   Level 0.8 Transmutations
 * Level 3.5 Earth Magic


You had 2 spell levels left.
You knew the following spells:

 Your Spells              Type           Power        Failure   Level  Hunger
a - Sandblast             Erth           #.....       8%          1    ##.....

Your spell library contained the following spells:

 Spells                   Type           Power        Failure   Level  Hunger
 Passwall                 Tmut/Erth      #.......     19%         2    ###....
 Stone Arrow              Conj/Erth      #.....       43%         3    ####...
 Petrify                  Tmut/Erth      #.......     77%         4    #####..
 Lee's Rapid Deconstruct  Erth           #.........   90%         5    ######.


Dungeon Overview and Level Annotations

Branches:
Dungeon (1/15)

Altars:


Innate Abilities, Weirdness & Mutations

Your body is rotting away.
You thrive on raw meat.
You are immune to poison.
You have sharp fingernails.
You are carnivorous and can eat meat at any time.
Your flesh is cold resistant. (rC+)
You are immune to negative energy. (rN+++)
You do not regenerate when monsters are visible.
You are immune to unholy pain and torment.
You can survive without breathing.


Message History

The hobgoblin is severely wounded.
The hobgoblin closely misses you.
You scratch the hobgoblin.
You kill the hobgoblin!
The bat hits you. The bat hits you but does no damage.
You miss the bat. The bat hits you. The bat hits you but does no damage.
You scratch the bat.
You kill the bat!
You closely miss the hobgoblin. The hobgoblin closely misses you.
Eat a chunk of flesh? (ye/n/q)
You eat the chunk of flesh.
You feel more resilient.
This raw flesh tastes great!
The hobgoblin barely misses you. The hobgoblin barely misses you.
The giant cockroach closely misses you.
Your magical contamination has completely faded away.
The giant cockroach barely misses you. The giant cockroach barely misses you.
The giant cockroach closely misses you. The giant cockroach closely misses you.
You scratch the giant cockroach but do no damage.
The giant cockroach misses you.
You scratch the giant cockroach.
The giant cockroach is heavily wounded.
The giant cockroach barely misses you.
You barely miss the giant cockroach.
The giant cockroach is heavily wounded.
The giant cockroach bites you.
You scratch the giant cockroach.
You kill the giant cockroach!
The kobold misses you.
You barely miss the kobold. The kobold closely misses you.
You closely miss the kobold. The kobold hits you.
You closely miss the kobold. The kobold hits you but does no damage.
You scratch the kobold but do no damage.
The kobold hits you.
You barely miss the kobold. The kobold closely misses you.
You scratch the kobold.
The kobold is heavily wounded.
The kobold barely misses you.
You barely miss the kobold.
The kobold is heavily wounded.
You feel your flesh rotting away.
The frilled lizard hisses.
The kobold hits you.
* * * LOW HITPOINT WARNING * * *
You closely miss the kobold.
The kobold is heavily wounded.
The kobold hits you but does no damage.
You closely miss the kobold.
The kobold is heavily wounded.
The kobold hits you.
* * * LOW HITPOINT WARNING * * *
Okay, then.
The kobold shouts!
The kobold throws a stone.
The stone barely misses you.
The kobold throws a stone.
The stone hits you but does no damage.
Things that are here:
a stone; a mace
Found a scroll labeled RESER HOSY.
Okay, then.
The kobold throws a stone.
The stone completely misses you.
You eat one of the 2 rations.
That ration really hit the spot!
The hobgoblin barely misses you. The kobold hits you.
You die...

##......# #>....'.......####..
...##.### #....'.....### #.<
#####...####
#....'.......####.. #..gg...#
#..÷#####......##..
#.##.##.####...#######........
##.##g#....(..........###......
#...................... ###....
#.........(...........# ###..
...........##.#g@..###.## ###
.##.>......##.#.K..# #
..........##K#....#
###........##.#l...#
#.?......K..K....#
...............(.....
#.##.........#..#.###
..............#
........(.......


You could see a hobgoblin, 2 kobolds and a frilled lizard.

Vanquished Creatures
  A giant cockroach (D:1)
  A hobgoblin (D:1)
  A bat (D:1)
  A goblin (D:1)
4 creatures vanquished.

Notes
Turn   | Place    | Note
-------+----------+-------------------------------------------
     0 | D:1      | Amnesiac the Ghoul Earth Elementalist began the quest for
                  | the Orb.
     0 | D:1      | Reached XP level 1. HP: 14/14 MP: 2/2
   142 | D:1      | Slain by a kobold

Vault maps used:
D:1:      lemuel_arrival_funnel

Action                   || total
-------------------------++-------
Melee: Unarmed           ||    29
 Cast: Sandblast         ||     1
  Eat: Chunk             ||     3
       Ration            ||     1
Armor: Robe              ||     9
Dodge: Dodged            ||    33

Table legend:
 A = Non-vault XP
 B = Vault XP
 C = Vault XP percentage of total XP
 D = Non-vault monster count
 E = Vault monster count
 F = Vault count percentage of total count
                 A         B        C        D         E       F
            +---------+---------+-------+---------+---------+-------
      Total |       6 |       0 |   0.0 |       4 |       0 |   0.0
            +---------+---------+-------+---------+---------+-------
        D:1 |       6 |       0 |   0.0 |       4 |       0 |   0.0
            +---------+---------+-------+---------+---------+-------
